MLB
OAKLAND ATHLETICS @ SAN DIEGO PADRES
08/09/2044
 
TOP OF THE 1ST
Oakland Athletics batting - Pitching for San Diego Padres : LHP Gerardo Amendoeira
Pitching: LHP Gerardo Amendoeira
Batting: RHB Philip Jansen 0-0: Ball
1-0: Foul Ball, location: 2F
1-1: Foul Ball, location: 2F
1-2: Ball
2-2: Foul Ball, location: 2F
2-2: Ball
3-2: Base on Balls
Batting: RHB Sébastien Piat 0-0: Ball
1-0: Called Strike
1-1: Swinging Strike
1-2: Strikes out looking
Batting: SHB Robert Handy 0-0: Called Strike
0-1: Called Strike
0-2: Ball
1-2: Ball
2-2: Grounds into double play, 6-4-3 (Groundball, 6S, EV 86.2 MPH)
Top of the 1st over - 0 runs, 0 hits, 0 errors, 0 left on base; Oakland 0 - San Diego 0
BOTTOM OF THE 1ST
San Diego Padres batting - Pitching for Oakland Athletics : LHP Shelby Rich
Pitching: LHP Shelby Rich
Batting: LHB Per Meulengracht 0-0: Ground out U3 (Groundball, 3, EV 83.8 MPH)
Batting: RHB Cesar Breceda 0-0: Foul Ball, location: 2F
0-1: Ball
1-1: Called Strike
1-2: Foul Ball, location: 2F
1-2: Ball
2-2: Foul Ball, location: 2F
2-2: Foul Ball, location: 2F
2-2: Foul Ball, location: 2F
2-2: Ground out 6-3 (Groundball, 6S, EV 73.8 MPH)
Batting: LHB Kevin Bellman 0-0: Foul Ball, location: 2F
0-1: Swinging Strike
0-2: Strikes out swinging
Bottom of the 1st over - 0 runs, 0 hits, 0 errors, 0 left on base; Oakland 0 - San Diego 0
TOP OF THE 2ND
Oakland Athletics batting - Pitching for San Diego Padres : LHP Gerardo Amendoeira
Batting: LHB Sakae Kasahara 0-0: Called Strike
0-1: Foul Ball, location: 2F
0-2: Ball
1-2: Ball
2-2: Foul Ball, location: 2F
2-2: Foul Ball, location: 2F
2-2: Ground out 6-3 (Groundball, 4, EV 111.2 MPH)
Batting: RHB Adam McGurn 0-0: Called Strike
0-1: Foul Ball, location: 2F
0-2: Ball
1-2: Strikes out swinging
Batting: LHB Nate Dean 0-0: Ball
1-0: Ground out 6-3 (Groundball, 6D, EV 88.1 MPH)
Top of the 2nd over - 0 runs, 0 hits, 0 errors, 0 left on base; Oakland 0 - San Diego 0
BOTTOM OF THE 2ND
San Diego Padres batting - Pitching for Oakland Athletics : LHP Shelby Rich
Batting: SHB Jerry Luckwell 0-0: SINGLE (Line Drive, 56, EV 96.2 MPH)
Batting: LHB Mike Holt 0-0: Ball
1-0: Swinging Strike
1-1: Ball
2-1: Ball
3-1: Fly out, F8 (Flyball, 78D, EV 90.6 MPH)
Batting: RHB Chiel Palstermans 0-0: Called Strike
0-1: Called Strike
0-2: Ball
1-2: DOUBLE (Line Drive, 9LS, EV 113.8 MPH)
Jerry Luckwell to third
Runner from 3rd tries for Home, SAFE, throw by RF to home
Batting: LHB Xavier Pittman 0-0: Foul Ball, location: 2F
0-1: Ball
1-1: Swinging Strike
1-2: Strikes out swinging, 2-3 out at first.
Batting: RHB Carlos Reyes 0-0: Called Strike
0-1: DOUBLE (Line Drive, 7LD, EV 108.8 MPH)
Chiel Palstermans scores
Batting: RHB Alois Wollf 0-0: Ball
1-0: Ball
2-0: SINGLE (Line Drive, 5D, EV 102.5 MPH)
Carlos Reyes to third
Runner from 3rd tries for Home, SAFE, throw by LF to home
Batting: LHB Per Meulengracht 0-0: Called Strike
0-1: Ball
1-1: Called Strike
1-2: Ground out 4-3 (Groundball, 4, EV 81.2 MPH)
Bottom of the 2nd over - 3 runs, 4 hits, 0 errors, 1 left on base; Oakland 0 - San Diego 3
TOP OF THE 3RD
Oakland Athletics batting - Pitching for San Diego Padres : LHP Gerardo Amendoeira
Batting: RHB Danny Murillo 0-0: Ball
1-0: Called Strike
1-1: Ball
2-1: SINGLE (Line Drive, 34D, EV 96.2 MPH)
Batting: LHB George Leary 0-0: Called Strike
0-1: Ball
1-1: Ball
2-1: Foul Ball, location: 2F
2-2: Ball
3-2: Strikes out looking
Batting: SHB Bob Morales 0-0: Called Strike
0-1: Foul Ball, location: 2F
0-2: Ball
1-2: Ball
2-2: Strikes out swinging
Batting: RHB Philip Jansen 0-0: Called Strike
0-1: Ball
1-1: Ball
2-1: Foul Ball, location: 2F
2-2: Ball
3-2: Strikes out swinging
Top of the 3rd over - 0 runs, 1 hit, 0 errors, 1 left on base; Oakland 0 - San Diego 3
BOTTOM OF THE 3RD
San Diego Padres batting - Pitching for Oakland Athletics : LHP Shelby Rich
Batting: RHB Cesar Breceda 0-0: Foul Ball, location: 2F
0-1: Foul Ball, location: 2F
0-2: Ball
1-2: Ball
2-2: Ball
3-2: Foul Ball, location: 2F
3-2: Fly out, F8 (Flyball, 78XD, EV 97.5 MPH)
Batting: LHB Kevin Bellman 0-0: Foul Ball, location: 2F
0-1: TRIPLE (Flyball, 89XD, EV 98.8 MPH)
Batting: SHB Jerry Luckwell 0-0: Ground out 6-3 (Groundball, P, EV 85.6 MPH)
Kevin Bellman scores
Batting: LHB Mike Holt 0-0: Called Strike
0-1: Ball
1-1: Swinging Strike
1-2: Strikes out swinging
Bottom of the 3rd over - 1 run, 1 hit, 0 errors, 0 left on base; Oakland 0 - San Diego 4
TOP OF THE 4TH
Oakland Athletics batting - Pitching for San Diego Padres : LHP Gerardo Amendoeira
Batting: RHB Sébastien Piat 0-0: Ball
1-0: Ball
2-0: SINGLE (Line Drive, 34D, EV 94.4 MPH)
Batting: SHB Robert Handy 0-0: Ball
1-0: Ball
2-0: Foul Ball, location: 2F
Pickoff Throw to First - Out! 1-3
2-1: Swinging Strike
2-2: Foul Ball, location: 2F
2-2: Ground out 6-3 (Groundball, 6, EV 80.6 MPH)
Batting: LHB Sakae Kasahara 0-0: Ball
1-0: Swinging Strike
1-1: Ground out 5-3 (Groundball, 5, EV 99.4 MPH)
Top of the 4th over - 0 runs, 1 hit, 0 errors, 0 left on base; Oakland 0 - San Diego 4
BOTTOM OF THE 4TH
San Diego Padres batting - Pitching for Oakland Athletics : LHP Shelby Rich
Batting: RHB Chiel Palstermans 0-0: Ball
1-0: Foul Ball, location: 2F
1-1: Ball
2-1: Swinging Strike
2-2: Fly out, F8 (Flyball, 8RS, EV 79.4 MPH)
Batting: LHB Xavier Pittman 0-0: Ground out 6-3 (Groundball, 6, EV 89.4 MPH)
Batting: RHB Carlos Reyes 0-0: Foul Ball, location: 2F
0-1: Ball
1-1: Ground out 5-3 (Groundball, 56, EV 105.0 MPH)
Bottom of the 4th over - 0 runs, 0 hits, 0 errors, 0 left on base; Oakland 0 - San Diego 4
TOP OF THE 5TH
Oakland Athletics batting - Pitching for San Diego Padres : LHP Gerardo Amendoeira
Batting: RHB Adam McGurn 0-0: Swinging Strike
0-1: Foul Ball, location: 2F
0-2: Ball
1-2: Ball
2-2: Foul Ball, location: 2F
2-2: Ball
3-2: Strikes out swinging
Batting: LHB Nate Dean 0-0: Fly out, F7 (Flyball, 7D, EV 95.6 MPH)
Batting: RHB Danny Murillo 0-0: Ball
1-0: Called Strike
1-1: Called Strike
1-2: Foul Ball, location: 2F
1-2: Ball
2-2: Foul Ball, location: 2F
2-2: Foul Ball, location: 2F
2-2: Foul Ball, location: 2F
2-2: Strikes out swinging
Top of the 5th over - 0 runs, 0 hits, 0 errors, 0 left on base; Oakland 0 - San Diego 4
BOTTOM OF THE 5TH
San Diego Padres batting - Pitching for Oakland Athletics : LHP Shelby Rich
Batting: RHB Alois Wollf 0-0: Ball
1-0: Fly out, F9 (Flyball, 9LS, EV 97.5 MPH)
Batting: LHB Per Meulengracht 0-0: SINGLE (Groundball, 25, EV 66.9 MPH) (infield hit)
Batting: RHB Cesar Breceda 0-0: Ball
1-0: SINGLE (Flyball, 8LS, EV 91.9 MPH)
Per Meulengracht to second
Runner from 2nd tries for 3rd, OUT! 8-5
Batting: LHB Kevin Bellman 0-0: Called Strike
0-1: Fielders Choice at 2nd, U6 (Groundball, 6M, EV 81.2 MPH)
Bottom of the 5th over - 0 runs, 2 hits, 0 errors, 1 left on base; Oakland 0 - San Diego 4
TOP OF THE 6TH
Oakland Athletics batting - Pitching for San Diego Padres : LHP Gerardo Amendoeira
Batting: LHB George Leary 0-0: Fly out, F8 (Flyball, 78S, EV 97.5 MPH)
Batting: SHB Bob Morales 0-0: Ball
1-0: Ball
2-0: Called Strike
2-1: Called Strike
2-2: Foul Ball, location: 2F
2-2: Strikes out swinging
Batting: RHB Philip Jansen 0-0: Foul Ball, location: 2F
0-1: Called Strike
0-2: Strikes out swinging
Top of the 6th over - 0 runs, 0 hits, 0 errors, 0 left on base; Oakland 0 - San Diego 4
BOTTOM OF THE 6TH
San Diego Padres batting - Pitching for Oakland Athletics : LHP Shelby Rich
Batting: SHB Jerry Luckwell 0-0: Swinging Strike
0-1: Called Strike
0-2: Ball
1-2: Strikes out swinging
Batting: LHB Mike Holt 0-0: Swinging Strike
0-1: Ball
1-1: Foul Ball, location: 2F
1-2: Foul Ball, location: 2F
1-2: Foul Ball, location: 2F
1-2: Foul Ball, location: 2F
1-2: Ball
2-2: Strikes out swinging
Batting: RHB Chiel Palstermans 0-0: Ball
1-0: Swinging Strike
1-1: Foul Ball, location: 2F
1-2: Foul Ball, location: 2F
1-2: Ball
2-2: Fly out, F8 (Flyball, 8RD, EV 89.4 MPH)
Bottom of the 6th over - 0 runs, 0 hits, 0 errors, 0 left on base; Oakland 0 - San Diego 4
TOP OF THE 7TH
Oakland Athletics batting - Pitching for San Diego Padres : LHP Gerardo Amendoeira
Batting: RHB Sébastien Piat 0-0: Ball
1-0: Ball
2-0: Foul Ball, location: 2F
2-1: Ball
3-1: SINGLE (Groundball, 25, EV 71.9 MPH) (infield hit)
Batting: SHB Robert Handy 0-0: Ball
1-0: Called Strike
1-1: Foul Ball, location: 2F
1-2: Strikes out swinging
Batting: LHB Sakae Kasahara 0-0: Called Strike
0-1: SINGLE (Groundball, 6D, EV 104.4 MPH)
Sébastien Piat to second
Pitching: RHP Raul Almonte
Batting: RHB Adam McGurn 0-0: Ball
1-0: Fly out, F9 (Flyball, 9LM, EV 100.6 MPH)
Runner from 2nd tags up, SAFE at 3rd, no throw by RF
Batting: LHB Nate Dean 0-0: Ball
1-0: Ball
2-0: Ball
3-0: Base on Balls
Sakae Kasahara to second
Batting: RHB Danny Murillo 0-0: Called Strike
0-1: Called Strike
0-2: Ball
1-2: Ball
2-2: Strikes out swinging
Top of the 7th over - 0 runs, 2 hits, 0 errors, 3 left on base; Oakland 0 - San Diego 4
BOTTOM OF THE 7TH
San Diego Padres batting - Pitching for Oakland Athletics : LHP Shelby Rich
Batting: LHB Xavier Pittman 0-0: Ball
1-0: Ball
2-0: Foul Ball, location: 2F
2-1: SINGLE (Flyball, 9LS, EV 100.0 MPH)
Batting: RHB Carlos Reyes 0-0: SINGLE (Line Drive, 89M, EV 101.9 MPH)
Xavier Pittman to second
Batting: RHB Alois Wollf 0-0: Ball
1-0: Ball
2-0: Called Strike
2-1: Fielders Choice at 2nd, 3-6 (Groundball, 3, EV 101.2 MPH)
Xavier Pittman to third
Batting: LHB Per Meulengracht 0-0: Foul Ball, location: 2F
0-1: TRIPLE (Line Drive, 89XD, EV 105.0 MPH)
Xavier Pittman scores
Alois Wollf scores
Pitching: RHP Jamal Jacobs
Batting: RHB Cesar Breceda 0-0: Called Strike
0-1: Ball
1-1: Ball
2-1: Ball
3-1: Base on Balls
Batting: LHB Kevin Bellman 0-0: Called Strike
0-1: Grounds into double play, 6-4-3 (Groundball, 6, EV 101.9 MPH)
Bottom of the 7th over - 2 runs, 3 hits, 0 errors, 1 left on base; Oakland 0 - San Diego 6
TOP OF THE 8TH
Oakland Athletics batting - Pitching for San Diego Padres : RHP Raul Almonte
Batting: LHB George Leary 0-0: Called Strike
0-1: Ball
1-1: Called Strike
1-2: Ball
2-2: Strikes out looking
Batting: SHB Bob Morales 0-0: Ball
1-0: Swinging Strike
1-1: Ground out 5-3 (Groundball, 5S, EV 67.5 MPH)
Batting: RHB Philip Jansen 0-0: Ball
1-0: Called Strike
1-1: Swinging Strike
1-2: Strikes out looking
Top of the 8th over - 0 runs, 0 hits, 0 errors, 0 left on base; Oakland 0 - San Diego 6
BOTTOM OF THE 8TH
San Diego Padres batting - Pitching for Oakland Athletics : RHP Jamal Jacobs
Batting: SHB Jerry Luckwell 0-0: Ball
1-0: Ball
2-0: Called Strike
2-1: Ball
3-1: Foul Ball, location: 2F
3-2: Base on Balls
Batting: LHB Mike Holt 0-0: Ball
1-0: Ball
2-0: Foul Ball, location: 2F
2-1: Ball
3-1: Foul Ball, location: 2F
3-2: Strikes out swinging
Pitching: RHP Eric Stevenson
Batting: RHB Chiel Palstermans 0-0: Ball
1-0: Called Strike
1-1: Ball
2-1: Ball
3-1: Foul Ball, location: 2F
3-2: Foul Ball, location: 2F
3-2: Foul Ball, location: 2F
3-2: Base on Balls
Jerry Luckwell to second
Batting: LHB Xavier Pittman 0-0: Foul Ball, location: 2F
0-1: Ball
1-1: Fly out, F8 (Flyball, 8LD, EV 108.8 MPH)
Batting: RHB Carlos Reyes 0-0: Fly out, F9 (Line Drive, 89M, EV 94.4 MPH)
Bottom of the 8th over - 0 runs, 0 hits, 0 errors, 2 left on base; Oakland 0 - San Diego 6
TOP OF THE 9TH
Oakland Athletics batting - Pitching for San Diego Padres : RHP Raul Almonte
Batting: RHB Sébastien Piat 0-0: Ball
1-0: Foul Ball, location: 2F
1-1: Swinging Strike
1-2: Ball
2-2: Strikes out swinging
Pitching: LHP Ricardo Chavez
Batting: SHB Robert Handy 0-0: Ball
1-0: Ball
2-0: Ground out 6-3 (Groundball, 6, EV 108.8 MPH)
Pinch Hitting: RHB Muneo Kawachi 0-0: Foul Ball, location: 2F
0-1: Ball
1-1: Swinging Strike
1-2: Ball
2-2: Ball
3-2: Foul Ball, location: 2F
3-2: Base on Balls
Batting: RHB Adam McGurn 0-0: Called Strike
0-1: Foul Ball, location: 2F
0-2: Ball
1-2: Ball
2-2: Strikes out swinging
Top of the 9th over - 0 runs, 0 hits, 0 errors, 1 left on base; Oakland 0 - San Diego 6
Thursday, March 31st , 2022 - OOTP Baseball 22.12 Build 89